Map: Blackburn LE

Players

DPGDark (Dark)

  • Race: Zerg Zerg
  • League: Master

Zoun - Winner!

  • Race: Protoss Protoss

Event: TSL 7

VOD

Have the link to the VOD?

Description

Time

  • Played on: June 12, 2021, 9:22 a.m.
  • Length: 9:53

All games in this series

Show
View Real Time Build Order
Export as new Build Order

DPGDark Zerg 

Build Orders: Hatch First 

Get SALT Encoding   

  12  0:00  Drone  
  13  0:11  Overlord  
  13  0:16  Drone  
  14  0:30  Drone x2  
  16  0:41  Drone  
  17  0:46  Drone  
  18  0:55  Hatchery  
  17  0:59  Drone  
  17  1:01  Extractor  
  17  1:13  Spawning Pool  
  17  1:16  Drone  
  17  1:18  Drone  
  18  1:27  Drone  
  19  1:38  Drone  
  20  1:50  Drone  
  21  2:00  Zergling x2  
  22  2:01  Metabolic Boost  
  22  2:07  Queen  
  22  2:08  Queen, Zergling x2  
  25  2:11  Overlord  
  27  2:21  Drone  
  28  2:30  Drone  
  28  2:31  Drone  
  28  2:35  Hatchery  
  29  2:39  Drone  
  30  2:45  Queen  
  30  2:50  Drone x2  
  34  2:55  Overlord  
  34  2:59  Drone  
  34  3:01  Drone  
  36  3:14  Drone x2  
  36  3:16  Drone x4  
  42  3:21  Queen  
  44  3:27  Roach Warren  
  44  3:31  Drone, Spore Crawler  
  44  3:33  Drone  
  44  3:39  Overlord  
  44  3:43  Overlord  
  44  3:47  Drone x2  
  46  3:48  Drone  
  46  3:53  Drone  
  46  3:54  Extractor, Drone x2  
  49  4:01  Overlord  
  49  4:02  Drone x2  
  51  4:10  Roach  
  51  4:11  Roach x2  
  51  4:12  Zergling x4  
  58  4:17  Spore Crawler  
  58  4:19  Zergling x2  
  58  4:25  Zergling x6  
  58  4:26  Zergling x4  
  58  4:28  Drone  
  58  4:30  Ravager  
  65  4:31  Overlord  
  65  4:35  Spore Crawler  
  65  4:37  Ravager  
  65  4:38  Overlord  
  65  4:41  Overlord  
  65  4:49  Overlord  
  65  4:50  Ravager  
  66  4:54  Drone  
  66  4:55  Drone x6  
  72  5:00  Drone  
  72  5:03  Drone x2  
  73  5:10  Drone  
  73  5:11  Lair  
  72  5:14  Drone  
  72  5:18  Queen  
  74  5:23  Roach x4  
  80  5:29  Roach x2  
  80  5:31  Overlord  
  84  5:41  Overlord  
  83  5:43  Drone x3, Extractor  
  83  5:44  Extractor  
  83  5:45  Extractor, Roach x3  
  83  5:46  Roach  
  91  5:52  Zergling x2  
  91  5:53  Queen  
  91  5:56  Zergling x2  
  91  5:57  Zergling x2  
  96  6:00  Ravager  
  96  6:03  Zergling x6  
  100  6:05  Zergling x2  
  100  6:07  Zergling x4  
  101  6:14  Zergling x2  
  101  6:16  Ravager  
  101  6:17  Ravager  
  101  6:18  Zergling x10  
  109  6:19  Overlord  
  109  6:20  Roach  
  109  6:22  Overlord  
  110  6:37  Queen x2  
  105  6:42  Roach x4  
  105  6:43  Roach x4  
  121  6:51  Zergling x2  
  119  7:02  Roach  
  119  7:03  Roach  
  119  7:07  Roach x2  
  119  7:08  Roach x2  
  120  7:11  Roach  
  120  7:13  Roach  
  105  7:17  Roach x4  
  105  7:18  Roach  
  105  7:21  Roach  
  97  7:26  Roach  
  97  7:28  Roach  
  77  7:33  Drone, Roach  
  73  7:46  Drone x2  
  73  7:47  Drone  
  64  7:52  Glial Reconstitution  
  64  7:55  Drone  
  64  7:56  Drone x2  
  65  8:03  Zergling x6  
  66  8:11  Ravager  
  66  8:12  Ravager  
  68  8:13  Ravager  
  68  8:14  Ravager x3  
  68  8:15  Zergling x4  
  74  8:22  Zergling x2  
  74  8:23  Zergling x6  
  74  8:25  Ravager  
  79  8:30  Zergling x4  
  75  8:35  Roach x2  
  75  8:38  Drone x2  
  81  8:47  Roach x2  
  81  8:48  Zergling x2  
  80  8:52  Roach  
  80  8:58  Roach x2  
  80  9:00  Roach  
  80  9:04  Roach  
  80  9:07  Roach  
  80  9:11  Roach  
  80  9:12  Roach  
  84  9:21  Roach x3  
  85  9:28  Roach x2  
  79  9:32  Roach x2  
Show
View Real Time Build Order
Export as new Build Order

Zoun Protoss - Winner!

Build Orders: 1 Gate Expand, Colossus Rush 

Get SALT Encoding   

  12  0:00  Probe  
  13  0:12  Probe  
  14  0:20  Pylon  
  14  0:24  Probe  
  15  0:38  Probe (Chrono Boost)  
  15  0:41  Gateway  
  16  0:47  Probe (Chrono Boost)  
  17  0:50  Assimilator  
  17  0:52  Probe  
  18  1:04  Probe  
  19  1:16  Probe  
  20  1:27  Nexus  
  20  1:37  Cybernetics Core  
  20  1:40  Probe  
  20  1:46  Assimilator  
  21  1:52  Probe  
  22  1:56  Pylon  
  22  2:04  Probe  
  23  2:11  Adept (Chrono Boost)  
  23  2:13  Warp Gate  
  25  2:16  Probe  
  26  2:23  Robotics Facility  
  26  2:34  Probe (Chrono Boost), Stalker  
  29  2:39  Probe (Chrono Boost)  
  31  2:46  Probe (Chrono Boost)  
  31  2:48  Probe (Chrono Boost)  
  31  2:51  Probe (Chrono Boost)  
  32  2:53  Probe (Chrono Boost)  
  34  3:00  Probe  
  34  3:05  Probe  
  36  3:10  Robotics Bay  
  36  3:12  Probe  
  37  3:15  Gateway  
  37  3:22  Warp Prism (Chrono Boost)  
  37  3:24  Probe  
  41  3:27  Probe  
  41  3:31  Adept  
  43  3:35  Pylon  
  43  3:36  Probe  
  44  3:43  Probe  
  44  3:47  Assimilator  
  45  3:48  Probe  
  45  3:55  Disruptor (Chrono Boost), Pylon  
  46  3:56  Probe  
  46  4:00  Probe, Gravitic Drive  
  51  4:08  Gateway  
  51  4:13  Gateway  
  51  4:22  Disruptor (Chrono Boost)  
  51  4:24  Adept x2  
  51  4:25  Probe  
  59  4:32  Assimilator  
  59  4:34  Pylon  
  59  4:36  Probe  
  59  4:37  Probe  
  61  4:45  Gateway  
  61  4:49  Gateway  
  61  4:54  Adept  
  61  4:55  Colossus (Chrono Boost)  
  67  5:05  Adept  
  69  5:14  Pylon  
  69  5:16  Pylon  
  68  5:24  Probe  
  68  5:28  Probe, Pylon  
  70  5:34  Gateway  
  70  5:41  Sentry  
  70  5:42  Stalker  
  74  5:43  Stalker, Sentry  
  79  5:51  Stalker x2  
  79  5:53  Gateway  
  79  5:55  Observer (Chrono Boost)  
  84  5:59  Pylon  
  83  6:04  Pylon  
  83  6:06  Pylon  
  83  6:19  Stalker x4  
  83  6:21  Stalker  
  83  6:23  Sentry  
  95  6:34  Stalker  
  97  6:42  Stalker x3  
  97  6:43  Stalker  
  105  6:52  Stalker  
  105  6:53  Zealot  
  109  7:13  Stalker x5  
  81  7:26  Colossus (Chrono Boost)  
  75  7:37  Observer  
  68  7:49  Stalker x2  
  68  8:12  Warp Prism (Chrono Boost)  
  70  8:14  Stalker x7  
  70  8:16  Observer  
  84  8:26  Stalker  
  82  8:49  Stalker x5  
  82  8:51  Zealot, Sentry  
  82  8:55  Nexus  
  96  9:01  Pylon  
  96  9:02  Zealot  
  98  9:04  Disruptor (Chrono Boost)  
  101  9:21  Stalker x3  
  105  9:30  Stalker  
  97  9:32  Stalker  
Tags
 
Add a new tag
Caveats
  • Supply blocks, unpowered buildings, or Contaminate may cause inaccurate times.
  • Supply counts are checked every 10 seconds.